 Dungeon Crawl Stone Soup version 0.31-a0-188-g5e087ee2ca (webtiles) character file.

Game seed: 8457286340447544088

522 qw the Skirmisher (level 7, 0/40 HPs)
             Began as a Deep Elf Hunter on June 22, 2023.
             Slain by an orc warrior
             ... wielding a +0 hand axe
              (8 damage)
             ... on level 5 of the Dungeon.
             The game lasted 00:01:32 (3435 turns).

qw the Skirmisher (Deep Elf Hunter)                 Turns: 3435, Time: 00:01:33

Health: 0/40       AC: 13    Str: 10    XL:     7   Next: 1%
Magic:  9/9        EV: 11    Int: 14    God:
Gold:   207        SH:  0    Dex: 18    Spells: 6/6 levels left

rFire   . . .        Y - +1 shortbow
rCold   . . .        (shield currently unavailable)
rNeg    . . .        c - +3 ring mail
rPois   .            (no helmet)
rElec   .            (no cloak)
rCorr   .            (no gloves)
SInv    .            i - +0 pair of boots
Will    .....        (no amulet)
Stlth   +            b - +4 ring of protection
HPRegen 0.26/turn    (no ring)
MPRegen 0.11/turn

%: no passive effects
@: no status effects
A: no striking features
a: no special abilities


You were on level 5 of the Dungeon.
You visited 1 branch of the dungeon, and saw 5 of its levels.

You collected 207 gold pieces.


   Skills:
 - Level 2.0 Fighting
 + Level 10.2 Ranged Weapons
 - Level 1.2 Armour
 - Level 3.3 Dodging
 - Level 1.2 Stealth


You had 6 spell levels left.
You didn't know any spells.
Your spell library was empty.

Inventory:

Hand Weapons
 Y - a +1 shortbow (weapon)
Armour
 c - a +3 ring mail (worn)
 i - a +0 pair of boots (worn)
Jewellery
 b - a +4 ring of protection (left hand)
 d - a ring of magical power
Scrolls
 a - a scroll of identify
Potions
 g - a potion of enlightenment {unknown}
 h - a potion of lignification {unknown}
 j - a potion of brilliance {unknown}

Dungeon Overview and Level Annotations

Branches:
Dungeon (5/15)
 Temple: D:4-7

Altars:
Ru
Sif Muna
Uskayaw

Annotations:
D:4 2 runed translucent doors


Message History

The orc warrior hits you but does no damage.
You shoot an arrow.
The arrow hits the orc warrior but does no damage.
The orc warrior is moderately wounded.
The orc warrior closely misses you.
You shoot an arrow. The arrow hits the orc warrior!
The orc warrior is heavily wounded.
The orc warrior hits you with a +0 hand axe.
You shoot an arrow. The arrow hits the orc warrior.
The orc warrior is severely wounded.
The orc warrior closely misses you.
You shoot an arrow.
The arrow hits the orc warrior but does no damage.
The orc warrior is severely wounded.
The orc warrior hits you with a +0 hand axe!
The orc warrior hits you with a +0 hand axe.
You shoot an arrow.
The arrow hits the orc warrior but does no damage.
The orc warrior is severely wounded.
The orc warrior hits you but does no damage.
You shoot an arrow.
The arrow hits the orc warrior but does no damage.
The orc warrior is severely wounded.
The orc warrior hits you with a +0 hand axe!
You shoot an arrow.
The arrow hits the orc warrior but does no damage.
The orc warrior is severely wounded.
The orc warrior hits you but does no damage.
You shoot an arrow.
The arrow hits the orc warrior but does no damage.
The orc warrior is severely wounded.
The orc warrior barely misses you.
You shoot an arrow.
The arrow barely misses the orc warrior.
The orc warrior hits you with a +0 hand axe.
You shoot an arrow.
The arrow hits the orc warrior but does no damage.
The orc warrior is severely wounded.
The orc warrior hits you with a +0 hand axe!
You die...

#.............
#....).><...# #..
#...........# ##.. .
#).)......# ..<##..
#.<...#..# .....
..###...# ##.... .#
#....# #...# .. # #.#.##
##...#....
###.#.########.@.....#
##......##.......o......
#........#............##
........................
...:....>.............##
..........#####........#
...^......# .....##..#
..........# #........#
#.......... .......


You could see an orc warrior.

Vanquished Creatures
  An ogre (D:5)
  A scorpion (D:5)
  2 orc priests
  Jessica (D:2)
  Ijyb (D:3)
  An iguana (D:4)
  A sleepcap (D:5)
  An orc wizard (D:4)
  9 adders
  3 gnolls (D:3)
  2 ufetubi
  A dart slug (D:1)
  13 orcs
  6 bats
  7 endoplasms
  A giant cockroach (D:1)
  5 goblins
  3 hobgoblins (D:1)
  2 quokkas
  7 ball pythons
  4 kobolds
  5 rats
77 creatures vanquished.

Notes
Turn   | Place    | Note
-------+----------+-------------------------------------------
     0 | D:1      | qw the Deep Elf Hunter began the quest for the Orb.
     0 | D:1      | Reached XP level 1. HP: 12/12 MP: 3/3
     0 | D:1      | 0 ||| qw: Version: 0.3-a-9-g12657ce
     0 | D:1      | 0 ||| qw: Game counter: 2913
     0 | D:1      | 0 ||| qw: Always use a shield: true
     0 | D:1      | 0 ||| qw: God list: Okawaru
     0 | D:1      | 0 ||| qw: Allow faded altars: false
     0 | D:1      | 0 ||| qw: Do Orc after D:15 true
     0 | D:1      | 0 ||| qw: Do second Lair branch before Depths: true
     0 | D:1      | 0 ||| qw: Lair rune preference: random
     0 | D:1      | 0 ||| qw: Plans: Normal
     0 | D:1      | 0 ||| PLANNING D:1-11
   299 | D:1      | Reached XP level 2. HP: 16/16 MP: 4/4
   387 | D:1      | Reached skill level 6 in Ranged Weapons
   723 | D:1      | 723 ||| UPGRADING to +0 ring mail.
   733 | D:1      | 733 ||| DROPPING +0 leather armour.
   734 | D:1      | 734 ||| READING scroll labelled VACOFE TOTAO.
   738 | D:1      | 738 ||| READING scroll labelled RAFIUQ ASOKO.
   739 | D:1      | 739 ||| READING scroll labelled ABLOBY AB LUYKKUU.
   740 | D:1      | 740 ||| DROPPING scroll of butterflies.
   855 | D:2      | Found a shimmering blue altar of Sif Muna.
   951 | D:2      | Noticed Jessica
   956 | D:2      | Killed Jessica
   957 | D:2      | Reached skill level 7 in Ranged Weapons
   957 | D:2      | Reached XP level 3. HP: 20/20 MP: 5/5
  1058 | D:2      | Identified the +3 whip "Garoa" {vamp, Drain MP+9 Str+2}
  1204 | D:2      | Reached XP level 4. HP: 25/25 MP: 6/6
  1526 | D:2      | 1526 ||| UPGRADING to +0 pair of boots.
  1531 | D:2      | 1531 ||| UPGRADING to +4 ring of protection.
  1532 | D:2      | 1532 ||| DROPPING +6 ring of intelligence.
  1533 | D:2      | 1533 ||| READING 3 scrolls labelled JAJA QUTZUOLIW.
  1534 | D:2      | 1534 ||| READING scroll labelled JIABY FATZIUT.
  1535 | D:2      | 1535 ||| READING scroll labelled VUWOEXOSUSCH.
  1536 | D:2      | 1536 ||| READING scroll labelled RIS QYEXOCYHE.
  1537 | D:2      | 1537 ||| DROPPING 2 scrolls of fear.
  1539 | D:2      | 1539 ||| Stepping ~*~*~tactically~*~*~ (cloud).
  1542 | D:2      | HP: 6/25 [poisoned by you (poison gas)]
  1546 | D:2      | HP: 2/25 [poisoned by you (poison gas)]
  1869 | D:3      | HP: 6/25 [poisoned by an orc]
  1887 | D:3      | Reached skill level 8 in Ranged Weapons
  1953 | D:3      | 1953 ||| FLEEEEING.
  1987 | D:3      | Found a hide-covered altar of Uskayaw.
  2053 | D:3      | Reached XP level 5. HP: 29/29 MP: 7/7
  2118 | D:3      | Noticed Ijyb
  2147 | D:3      | HP: 6/29 [Ijyb/+0 dagger (7)]
  2151 | D:3      | Killed Ijyb
  2245 | D:3      | Found a sacrificial altar of Ru.
  2318 | D:3      | 2318 ||| UPGRADING to +3 ring mail.
  2328 | D:3      | 2328 ||| DROPPING +0 ring mail.
  2329 | D:3      | 2329 ||| READING scroll labelled ILUICS CIGIE.
  2330 | D:3      | 2330 ||| READING scroll labelled ZADDIA AROOPLI.
  2331 | D:3      | 2331 ||| READING scroll labelled QINGIW QATEFOU.
  2352 | D:4      | Reached skill level 9 in Ranged Weapons
  2624 | D:4      | Found a large runed translucent door.
  2625 | D:4      | Found a large runed translucent door.
  2645 | D:4      | Reached XP level 6. HP: 35/35 MP: 8/8
  2931 | D:4      | 2931 ||| READING scroll labelled WEHEIL QUYCASYNO.
  3032 | D:4      | 3032 ||| READING scroll labelled SIMYARRUSTA.
  3033 | D:4      | 3033 ||| READING 2 scrolls of identify.
  3033 | D:4      | 3033 ||| IDENTIFYING fuming red potion
  3034 | D:4      | 3034 ||| DROPPING potion of berserk rage.
  3074 | D:5      | Entered Level 5 of the Dungeon
  3092 | D:5      | Reached skill level 10 in Ranged Weapons
  3095 | D:5      | 3095 ||| STAIRDANCE
  3109 | D:4      | HP: 7/35 [something/magic dart (5)]
  3323 | D:5      | Reached skill level 3 in Dodging
  3328 | D:5      | Reached skill level 1 in Armour
  3328 | D:5      | Reached XP level 7. HP: 31/40 MP: 9/9
  3434 | D:5      | HP: 8/40 [orc warrior/+0 hand axe (5)]
  3435 | D:5      | Slain by an orc warrior

Levels and vault maps discovered:
D:1:      minmay_arrival_open_corners, layout_loops_cross,
          kennysheep_another_room, grunt_decor_resistance
D:2:      layout_basic, basic_altar, minmay_curled_crystal, uniq_jessica
D:3:      layout_basic, lemuel_tele_altar, mainiacjoe_overflow_small_starburst,
          uniq_ijyb
D:4:      layout_rooms, jmf_multi_god_temple2
D:5:      layout_rooms

Skill      XL: |  1  2  3  4  5  6 |
---------------+-------------------+-----
Ranged Weapons | 7 8 9 10 | 10.2
Fighting       | 2 |  2.0
Dodging        | 3 |  3.3
Armour         | 1 |  1.2
Stealth        | |  1.2

Action                     |  1- 3 |  4- 6 |  7- 9 || total
---------------------------+-------+-------+-------++-------
  Melee: Unarmed           |       |    27 |       ||    27
   Fire: Shortbow          |    74 |   240 |    16 ||   330
    Use: Scroll            |     3 |    10 |       ||    13
 Armour: Leather armour    |     2 |       |       ||     2
         Ring mail         |     9 |    77 |     3 ||    89
  Dodge: Dodged            |    26 |    92 |     3 ||   121

Table legend:
 A = Non-vault XP
 B = Vault XP
 C = Vault XP percentage of total XP
 D = Non-vault monster count
 E = Vault monster count
 F = Vault count percentage of total count
                 A         B        C        D         E       F
            +---------+---------+-------+---------+---------+-------
      Total |     673 |      73 |   9.8 |      75 |       2 |   2.6
            +---------+---------+-------+---------+---------+-------
        D:1 |      22 |       0 |   0.0 |      13 |       0 |   0.0
        D:2 |      39 |      37 |  48.7 |      11 |       1 |   8.3
        D:3 |     118 |      36 |  23.4 |      23 |       1 |   4.2
        D:4 |     206 |       0 |   0.0 |      22 |       0 |   0.0
        D:5 |     288 |       0 |   0.0 |       6 |       0 |   0.0
            +---------+---------+-------+---------+---------+-------
